 Dungeon Crawl Stone Soup version 0.30-a0-149-g7f746667c4 (webtiles) character file.

Game seed: 1202221164844433502

6 Sobieck the Sneak (level 1, 0/11 HPs)
             Began as a Vine Stalker Brigand on Sept 26, 2022.
             Slain by a gnoll
             ... wielding a +0 club
              (2 damage)
             ... on level 1 of the Dungeon.
             The game lasted 00:00:55 (245 turns).

Sobieck the Sneak (Vine Stalker Brigand)             Turns: 245, Time: 00:00:55

Health: 0/11       AC:  3    Str: 13    XL:     1   Next: 90%
Magic:  0/2        EV: 12    Int: 11    God:
Gold:   16         SH:  0    Dex: 15    Spells: 0/0 levels left

rFire   . . .      SeeInvis .    a - +2 dagger {short}
rCold   . . .      Faith    .    (no shield)
rNeg    . . .      Spirit   +    b - +0 robe
rPois   .          Reflect  .    (no helmet)
rElec   .          Harm     .    c - +0 cloak
rCorr   .          Rampage  .    (no gloves)
Will    .....                    (no boots)
Stlth   +++.......               (no amulet)
HPRegen 0.03/turn                (no ring)
MPRegen 0.08/turn                (no ring)

@: no status effects
A: fangs 2, magic shield, antimagic bite, no potion heal 2
a: no special abilities


You were on level 1 of the Dungeon.
You visited 1 branch of the dungeon, and saw 1 of its levels.

You collected 16 gold pieces.


Innate Abilities, Weirdness & Mutations

You have extremely sharp teeth.
When hurt, damage is shared between your health and your magic reserves.
Your bite disrupts and absorbs the magic of your enemies.
Potions cannot restore your health.


   Skills:
 - Level 1.7 Fighting
 - Level 1.7 Short Blades
 - Level 1.7 Throwing
 + Level 1.1 Dodging
 + Level 5.1 Stealth


You couldn't memorise any spells.
You didn't know any spells.
Your spell library was empty.

Inventory:

Hand Weapons
 a - a +2 dagger (weapon) {short}
Missiles
 d - 6 poisoned darts (quivered) {throwing}
 e - 3 curare-tipped darts {=fthrowing}
Armour
 b - a +0 robe (worn)
 c - a +0 cloak (worn)
 g - a +0 leather armour
   (You found it on level 1 of the Dungeon)
 j - a +0 robe
   (You found it on level 1 of the Dungeon)
Scrolls
 f - a scroll of identify {unknown}
 i - a scroll of fear {unknown}
Potions
 h - a potion of might {unknown}

Dungeon Overview and Level Annotations

Branches:
Dungeon (1/15) Zot: 5755

Altars:

Shops:
D:1

! ## #.......# .###########
.......# .##8...<.§8# ......#
.##≈......≈# #K....#
.##≈......≈# #####..g..##
.##≈......≈# ...........#
.##≈..88.§§# #....#
.##≈......§###########....#
.##§§.....≈#....@g(.(..(..#
.##≈......≈#.########..#######
..#8......8#..................
.#####''####.########..#######
.#...............†........#
.#..######...##..####..##.#
.............##..# #..##.#
.................# #..##.#
#.##.#.......##..# #..##.#


You could see a gnoll.


Message History

🤖 Initializing magus.rc ...
Options error: Bad monster_list_colour key: strict_neutral (~/.crawlrc:4810) Bad channel name for runrest: 'pray:' ✅ Successfully initialized magus_sobieck.rc [v0.0.3] Welcome, Sobieck the Vine Stalker Brigand.
Will you prevail where others failed? Will you find the Orb of Zot?
Press ? for a list of commands and other information.
Found a scroll labelled UCAMAU ISOVATU and a leather armour.
Found a staircase leading out of the dungeon.
Unknown command.
Unknown command.
f - a scroll labelled UCAMAU ISOVATU Unknown command.
g - a +0 leather armour You open the large door.
There is a large open door here.
A quokka comes into view.
Danger!
The helpless quokka fails to defend itself.
You impale the quokka!!
You kill the quokka!
A hobgoblin comes into view.
Danger!
A goblin comes into view. It is wielding a +0 dagger.
The helpless hobgoblin fails to defend itself.
You impale the hobgoblin!!
You kill the hobgoblin!
Your Dodging skill increases to level 1!
The goblin shouts!
The goblin hits you with a +0 dagger.
You hit the goblin.
You kill the goblin!
Your Stealth skill increases to level 5!
No target in view!
No target in view!
h - an inky potion
Found Zucos's Distillery.
Unknown command.
No target in view!
There is an entrance to Zucos's Distillery here.
You can access your shopping list by pressing '$'.
Unknown command.
You now have 16 gold pieces.
A ball python comes into view.
Danger!
You see here a scroll labelled LIKHLETR ACAILUG.
The helpless ball python fails to defend itself.
You impale the ball python!!
You kill the ball python!
No target in view!
i - a scroll labelled LIKHLETR ACAILUG A frilled lizard comes into view.
Danger!
You see here a +0 robe.
The frilled lizard hisses angrily.
The teleport trap disappears.
The frilled lizard disappears!
No target in view!
No target in view!
Unknown command.
j - a +0 robe A gnoll and a kobold come into view.
The kobold shouts!
The gnoll shouts!
Danger!
Unknown command.
Unknown command.
Danger!
You throw a poisoned dart {throwing}.
The poisoned dart {throwing} hits the kobold.
The kobold is poisoned.
Unknown command.
You throw a poisoned dart {throwing}.
The poisoned dart {throwing} completely misses the kobold.
The poisoned dart {throwing} barely misses the gnoll.
You throw a poisoned dart {throwing}.
The poisoned dart {throwing} hits the kobold.
The kobold looks even sicker.
Unknown command.
You barely miss the kobold.
You kill the kobold!
Unknown command.
You hit the gnoll. Your bite misses the gnoll.
The gnoll hits you with a +0 club.
You hit the gnoll but do no damage. Your bite misses the gnoll.
The gnoll closely misses you.
Unknown command.
You hit the gnoll. You bite the gnoll, but do no damage.
The gnoll hits you with a +0 club.
Unknown command.
You closely miss the gnoll. The gnoll hits you with a +0 club.
You closely miss the gnoll. Your bite misses the gnoll.
The gnoll hits you with a +0 club.
Ouch! That really hurt!
* * * LOW HITPOINT WARNING * * *
You hit the gnoll. You bite the gnoll, but do no damage.
The gnoll hits you with a +0 club.
You die...

Skill      XL: |  1 |
---------------+----+-----
Dodging        | 1 |  1.1
Stealth        | 5 |  5.1
Fighting       | |  1.7
Short Blades   | |  1.7
Throwing       | |  1.7

Action                   || total
-------------------------++-------
Melee: Dagger            ||    11
       Bite              ||     2
Throw: Dart              ||     3
 Stab: Sleeping          ||     3
Dodge: Dodged            ||     1

Levels and vault maps discovered:
D:1:      lightli_arrival_noodles, layout_basic, serial_shops, shop_fountains,
          hellmonk_ecumenical_altar_lost_god

Notes
Turn   | Place    | Note
-------+----------+-------------------------------------------
     0 | D:1      | Sobieck the Vine Stalker Brigand began the quest for the
                  | Orb.
     0 | D:1      | Reached XP level 1. HP: 11/11 MP: 2/2
    30 | D:1      | Reached skill level 1 in Dodging
    36 | D:1      | Reached skill level 5 in Stealth
   116 | D:1      | Found Zucos's Distillery.
   244 | D:1      | HP: 2/11 [gnoll/+0 club (6)]
   245 | D:1      | Slain by a gnoll

Vanquished Creatures
  A goblin (D:1)
  A hobgoblin (D:1)
  A kobold (D:1)
  A quokka (D:1)
  A ball python (D:1)
5 creatures vanquished.

Table legend:
 A = Non-vault XP
 B = Vault XP
 C = Vault XP percentage of total XP
 D = Non-vault monster count
 E = Vault monster count
 F = Vault count percentage of total count
                 A         B        C        D         E       F
            +---------+---------+-------+---------+---------+-------
      Total |       9 |       0 |   0.0 |       5 |       0 |   0.0
            +---------+---------+-------+---------+---------+-------
        D:1 |       9 |       0 |   0.0 |       5 |       0 |   0.0
            +---------+---------+-------+---------+---------+-------

Illustrated notes

Table legend:
 A = Kills in this place as a percentage of kills in entire the game.
 B = Kills by you in this place as a percentage of kills by you in the entire game.
 C = Kills by friends in this place as a percentage of kills by friends in the entire game.
 D = Other kills in this place as a percentage of other kills in the entire game.
 E = Experience gained in this place as a percentage of experience gained in the entire game.
 F = Experience gained in this place divided by the number of levels of this place that you have seen.
                   A       B       C       D       E      F
               +-------+-------+-------+-------+-------+----------------------
         Total | 100.0 | 100.0 |   N/A |   N/A | 100.0 |   9.0
       Dungeon | 100.0 | 100.0 |   N/A |   N/A | 100.0 |   9.0
               +-------+-------+-------+-------+-------+----------------------

Table legend: (Time is in decaauts)
 A = Elapsed time spent in this place.
 B = Non-inter-level travel time spent in this place.
 C = Inter-level travel time spent in this place.
 D = Time resting spent in this place.
 E = Time spent auto-exploring this place.
 F = Levels seen in this place.
 G = Mean time per level.
                   A        B        C        D        E       F      G
               +--------+--------+--------+--------+--------+-----+--------+
         Total |    244 |    244 |      0 |      0 |    194 |   1 |  244.0 |
       Dungeon |    244 |    244 |      0 |      0 |    194 |   1 |  244.0 |
               +--------+--------+--------+--------+--------+-----+--------+

Top non-repeatable levels by time:
     D:1: 244 daAuts
